| TOP OF THE 1ST |
|
Gwinnett Braves batting - Pitching for Indianapolis Indians : RHP Jeremy Parsnip
|
|
Pitching: RHP Jeremy Parsnip
|
|
|
Batting: RHB Nate Taylor
|
0-0: Foul Ball, location: 2F 0-1: Ball 1-1: Ball 2-1: Fly out, F7 (Line Drive, 78M, EV 93.1 MPH)
|
|
Batting: RHB Alex Munoz
|
0-0: Ball 1-0: Ball 2-0: Fly out, F7 (Line Drive, 78M, EV 104.4 MPH)
|
|
Batting: SHB Bob Morales
|
0-0: Called Strike 0-1: SINGLE (Line Drive, 78S, EV 104.4 MPH)
|
|
Batting: RHB Muneer Maudad
|
0-0: Ball 1-0: Foul Ball, location: 2F 1-1: Foul Ball, location: 2F 1-2: Fielders Choice at 2nd, 5-4 (Groundball, 5, EV 86.2 MPH)
|
| Top of the 1st over - 0 runs, 1 hit, 0 errors, 1 left on base; Gwinnett 0 - Indianapolis 0 |
| BOTTOM OF THE 1ST |
|
Indianapolis Indians batting - Pitching for Gwinnett Braves : LHP Eduardo Baez
|
|
Pitching: LHP Eduardo Baez
|
|
|
Batting: RHB Hugo Zacarias
|
0-0: Called Strike 0-1: Ball 1-1: Ball 2-1: Swinging Strike 2-2: Ball 3-2: Base on Balls
|
|
Batting: RHB Nick Wicker
|
0-0: Ball 1-0: Ball 2-0: Ball 3-0: Called Strike 3-1: Called Strike 3-2: DOUBLE (Line Drive, 78M, EV 88.8 MPH) Hugo Zacarias to third
|
|
Batting: RHB Alain Marquet
|
0-0: Foul Ball, location: 2F 0-1: Fly out, F8 (Flyball, BS3, EV 98.1 MPH) Runner from 3rd tags up, SCORES, no throw by CF Nick Wicker to third
|
|
Batting: RHB Dave Fredericks
|
0-0: Ball 1-0: Ball 2-0: Ball 3-0: Called Strike 3-1: Foul Ball, location: 2F 3-2: Strikes out looking
|
|
Batting: RHB Chris Pozzi
|
0-0: Foul Ball, location: 2F 0-1: Called Strike 0-2: Ground out 6-3 (Groundball, 6, EV 80.0 MPH)
|
| Bottom of the 1st over - 1 run, 1 hit, 0 errors, 1 left on base; Gwinnett 0 - Indianapolis 1 |
| TOP OF THE 2ND |
|
Gwinnett Braves batting - Pitching for Indianapolis Indians : RHP Jeremy Parsnip
|
|
Batting: SHB Brian Bagley
|
0-0: Called Strike 0-1: Ball 1-1: Fly out, F4 (Line Drive, 4, EV 66.9 MPH)
|
|
Batting: LHB Chad Persaud
|
0-0: Ball 1-0: Ground out 4-3 (Groundball, 34D, EV 103.8 MPH)
|
|
Batting: LHB Mark Buchholz
|
0-0: Called Strike 0-1: Ball 1-1: Foul Ball, location: 2F 1-2: Ball 2-2: Ball 3-2: DOUBLE (Line Drive, 7LS, EV 105.0 MPH)
|
|
Batting: RHB Riley Nasiir
|
0-0: Ball 1-0: SINGLE (Line Drive, 7S, EV 86.9 MPH) Mark Buchholz to third Runner from 3rd tries for Home, SAFE, throw by LF to home
|
|
Batting: SHB Eric Reeser
|
0-0: Called Strike 0-1: Ball Riley Nasiir steals 2nd, throwing error, E2 Riley Nasiir to third 1-1: Ball 2-1: Foul Ball, location: 2F 2-2: Foul Ball, location: 2F 2-2: Ground out 5-3 (Groundball, 5S, EV 85.6 MPH)
|
| Top of the 2nd over - 1 run, 2 hits, 1 error, 1 left on base; Gwinnett 1 - Indianapolis 1 |
| BOTTOM OF THE 2ND |
|
Indianapolis Indians batting - Pitching for Gwinnett Braves : LHP Eduardo Baez
|
|
Batting: LHB Jorge Quintana
|
0-0: Called Strike 0-1: Ground out U3 (Groundball, 3, EV 93.8 MPH)
|
|
Batting: RHB Richard Barrios
|
0-0: Swinging Strike 0-1: Called Strike 0-2: Ball 1-2: Ground out 1-3 (Groundball, 13S, EV 68.8 MPH)
|
|
Batting: LHB Gregg Kellerman
|
0-0: Foul Ball, location: 2F 0-1: Ball 1-1: Ball 2-1: Ball 3-1: Base on Balls
|
|
Batting: LHB Donald Imre
|
0-0: Ball 1-0: SINGLE (Groundball, 34D, EV 97.5 MPH) (infield hit) Gregg Kellerman to second
|
|
Batting: RHB Hugo Zacarias
|
0-0: Foul Ball, location: 2F 0-1: Ball 1-1: Ball 2-1: Ball 3-1: Base on Balls Gregg Kellerman to third Donald Imre to second
|
|
Batting: RHB Nick Wicker
|
0-0: Ground out 4-3 (Groundball, 4, EV 108.8 MPH)
|
| Bottom of the 2nd over - 0 runs, 1 hit, 0 errors, 3 left on base; Gwinnett 1 - Indianapolis 1 |
| TOP OF THE 3RD |
|
Gwinnett Braves batting - Pitching for Indianapolis Indians : RHP Jeremy Parsnip
|
|
Batting: RHB Nate Taylor
|
0-0: Ball 1-0: Ball 2-0: Called Strike 2-1: Ground out 6-3 (Groundball, 6, EV 110.6 MPH)
|
|
Batting: RHB Alex Munoz
|
0-0: Ball 1-0: Foul Ball, location: 2F 1-1: Ground out 6-3 (Groundball, 6, EV 86.2 MPH)
|
|
Batting: SHB Bob Morales
|
0-0: Ball 1-0: Called Strike 1-1: Called Strike 1-2: Foul Ball, location: 2F 1-2: Foul Ball, location: 2F 1-2: Foul Ball, location: 2F 1-2: Ground out 5-3 (Groundball, 5, EV 95.0 MPH)
|
| Top of the 3rd over - 0 runs, 0 hits, 0 errors, 0 left on base; Gwinnett 1 - Indianapolis 1 |
| BOTTOM OF THE 3RD |
|
Indianapolis Indians batting - Pitching for Gwinnett Braves : LHP Eduardo Baez
|
|
Batting: RHB Alain Marquet
|
0-0: Swinging Strike 0-1: Ball 1-1: Swinging Strike 1-2: SINGLE (Groundball, 56D, EV 105.6 MPH)
|
|
Batting: RHB Dave Fredericks
|
0-0: Ball 1-0: Grounds into double play, 6-4-3 (Groundball, 6, EV 104.4 MPH)
|
|
Batting: RHB Chris Pozzi
|
0-0: Ball 1-0: Ball 2-0: Ball 3-0: Base on Balls
|
|
Batting: LHB Jorge Quintana
|
0-0: Ball 1-0: Swinging Strike 1-1: Ball 2-1: Swinging Strike 2-2: Strikes out swinging
|
| Bottom of the 3rd over - 0 runs, 1 hit, 0 errors, 1 left on base; Gwinnett 1 - Indianapolis 1 |
| TOP OF THE 4TH |
|
Gwinnett Braves batting - Pitching for Indianapolis Indians : RHP Jeremy Parsnip
|
|
Batting: RHB Muneer Maudad
|
0-0: Ball 1-0: DOUBLE (Line Drive, 9LS, EV 106.2 MPH)
|
|
Batting: SHB Brian Bagley
|
0-0: Called Strike 0-1: Ball 1-1: Ball 2-1: Called Strike 2-2: Ground out 3-1 (Groundball, 13, EV 85.6 MPH) Muneer Maudad to third
|
|
Batting: LHB Chad Persaud
|
0-0: Foul Ball, location: 2F 0-1: Ground out 1-3 (Groundball, 15S, EV 66.9 MPH)
|
|
Batting: LHB Mark Buchholz
|
0-0: Ball 1-0: Foul Ball, location: 2F 1-1: Foul Ball, location: 2F 1-2: Ball 2-2: Ball Wild Pitch! Muneer Maudad scores 3-2: SINGLE (Groundball, 34D, EV 106.9 MPH)
|
|
Batting: RHB Riley Nasiir
|
0-0: Called Strike 0-1: Ball 1-1: Ball 2-1: Foul Ball, location: 2F 2-2: Ball 3-2: Foul Ball, location: 2F 3-2: Strikes out looking
|
| Top of the 4th over - 1 run, 2 hits, 0 errors, 1 left on base; Gwinnett 2 - Indianapolis 1 |
| BOTTOM OF THE 4TH |
|
Indianapolis Indians batting - Pitching for Gwinnett Braves : LHP Eduardo Baez
|
|
Batting: RHB Richard Barrios
|
0-0: Called Strike 0-1: Ball 1-1: Called Strike 1-2: Fly out, F6 (Popup, 6M, EV 78.1 MPH)
|
|
Batting: LHB Gregg Kellerman
|
0-0: Ball 1-0: Ball 2-0: Foul Ball, location: 2F 2-1: Foul Ball, location: 2F 2-2: SINGLE (Groundball, 13, EV 63.1 MPH) (infield hit)
|
|
Batting: LHB Donald Imre
|
0-0: Called Strike 0-1: Fielders Choice at 2nd, 4-6 (Groundball, 34, EV 83.8 MPH)
|
|
Batting: RHB Hugo Zacarias
|
0-0: Ball 1-0: Called Strike 1-1: Called Strike 1-2: Strikes out swinging
|
| Bottom of the 4th over - 0 runs, 1 hit, 0 errors, 1 left on base; Gwinnett 2 - Indianapolis 1 |
| TOP OF THE 5TH |
|
Gwinnett Braves batting - Pitching for Indianapolis Indians : RHP Jeremy Parsnip
|
|
Batting: SHB Eric Reeser
|
0-0: Called Strike 0-1: Ground out 5-3 (Groundball, 56, EV 86.2 MPH)
|
|
Batting: RHB Nate Taylor
|
0-0: Fly out, F9 (Flyball, 9LM, EV 100.6 MPH)
|
|
Batting: RHB Alex Munoz
|
0-0: Foul Ball, location: 2F 0-1: Ball 1-1: Ball 2-1: Fly out, F8 (Flyball, 8LM, EV 89.4 MPH)
|
| Top of the 5th over - 0 runs, 0 hits, 0 errors, 0 left on base; Gwinnett 2 - Indianapolis 1 |
| BOTTOM OF THE 5TH |
|
Indianapolis Indians batting - Pitching for Gwinnett Braves : LHP Eduardo Baez
|
|
Batting: RHB Nick Wicker
|
0-0: Ball 1-0: Ball 2-0: Ball 3-0: Base on Balls
|
|
Batting: RHB Alain Marquet
|
0-0: Called Strike 0-1: Swinging Strike 0-2: Strikes out swinging
|
|
Batting: RHB Dave Fredericks
|
0-0: Ball 1-0: SINGLE (Groundball, 34S, EV 79.4 MPH) (infield hit) Nick Wicker to second
|
|
Batting: RHB Chris Pozzi
|
0-0: Called Strike 0-1: Ball 1-1: Ball 2-1: Ball 3-1: Swinging Strike 3-2: Foul Ball, location: 2F 3-2: Base on Balls Nick Wicker to third Dave Fredericks to second
|
|
Batting: LHB Jorge Quintana
|
0-0: Called Strike 0-1: Ball 1-1: Called Strike 1-2: Fielders Choice at 2nd, 4-6 (Groundball, 4, EV 99.4 MPH) Nick Wicker scores Dave Fredericks to third
|
|
Batting: RHB Richard Barrios
|
0-0: Ball 1-0: Called Strike 1-1: SINGLE (Groundball, 34D, EV 107.5 MPH) Dave Fredericks scores Jorge Quintana to second Runner from 2nd tries for 3rd, SAFE, throw by RF made to third Richard Barrios to second
|
|
Batting: LHB Gregg Kellerman
|
0-0: Called Strike 0-1: Fly out, F8 (Flyball, 8RM, EV 95.6 MPH)
|
| Bottom of the 5th over - 2 runs, 2 hits, 0 errors, 2 left on base; Gwinnett 2 - Indianapolis 3 |
| TOP OF THE 6TH |
|
Gwinnett Braves batting - Pitching for Indianapolis Indians : RHP Jeremy Parsnip
|
|
Batting: SHB Bob Morales
|
0-0: Called Strike 0-1: Ball 1-1: Ball 2-1: Ground out 5-3 (Groundball, 56, EV 89.4 MPH)
|
|
Batting: RHB Muneer Maudad
|
0-0: Called Strike 0-1: Swinging Strike 0-2: Ball 1-2: Ball 2-2: Ball 3-2: Strikes out swinging
|
|
Batting: SHB Brian Bagley
|
0-0: Ball 1-0: Ground out U3 (Groundball, 3, EV 92.5 MPH)
|
| Top of the 6th over - 0 runs, 0 hits, 0 errors, 0 left on base; Gwinnett 2 - Indianapolis 3 |
| BOTTOM OF THE 6TH |
|
Indianapolis Indians batting - Pitching for Gwinnett Braves : LHP Eduardo Baez
|
|
Batting: LHB Donald Imre
|
0-0: Ball 1-0: Ball 2-0: Ball 3-0: Called Strike 3-1: Swinging Strike 3-2: Strikes out swinging
|
|
Batting: RHB Hugo Zacarias
|
0-0: Ball 1-0: Foul Ball, location: 2F 1-1: Ball 2-1: Fly out, F8 (Flyball, 8LXD, EV 103.1 MPH)
|
|
Batting: RHB Nick Wicker
|
0-0: Called Strike 0-1: Called Strike 0-2: Ball 1-2: Strikes out swinging
|
| Bottom of the 6th over - 0 runs, 0 hits, 0 errors, 0 left on base; Gwinnett 2 - Indianapolis 3 |
| TOP OF THE 7TH |
|
Gwinnett Braves batting - Pitching for Indianapolis Indians : RHP Jeremy Parsnip
|
|
Batting: LHB Chad Persaud
|
0-0: Fly out, F9 (Line Drive, 9S, EV 93.8 MPH)
|
|
Batting: LHB Mark Buchholz
|
0-0: Ball 1-0: Foul Ball, location: 2F 1-1: Foul Ball, location: 2F 1-2: Ground out 3-1 (Groundball, 34S, EV 87.5 MPH)
|
|
Batting: RHB Riley Nasiir
|
0-0: Ball 1-0: Ground out 4-3 (Groundball, 4S, EV 86.2 MPH)
|
| Top of the 7th over - 0 runs, 0 hits, 0 errors, 0 left on base; Gwinnett 2 - Indianapolis 3 |
| BOTTOM OF THE 7TH |
|
Indianapolis Indians batting - Pitching for Gwinnett Braves : LHP Eduardo Baez
|
|
Pitching: LHP Andy Gaiser
|
|
|
Batting: RHB Alain Marquet
|
0-0: Ball 1-0: Ball 2-0: Called Strike 2-1: Called Strike 2-2: Ball 3-2: Base on Balls
|
|
Batting: RHB Dave Fredericks
|
0-0: Fly out, F2 (Popup, 2RF, EV 76.9 MPH)
|
|
Batting: RHB Chris Pozzi
|
0-0: Called Strike 0-1: Ball 1-1: Foul Ball, location: 2F 1-2: Strikes out swinging
|
|
Batting: LHB Jorge Quintana
|
0-0: Foul Ball, location: 2F 0-1: Foul Ball, location: 2F 0-2: Foul Ball, location: 2F 0-2: Ball 1-2: Strikes out looking
|
| Bottom of the 7th over - 0 runs, 0 hits, 0 errors, 1 left on base; Gwinnett 2 - Indianapolis 3 |
| TOP OF THE 8TH |
|
Gwinnett Braves batting - Pitching for Indianapolis Indians : RHP Jeremy Parsnip
|
|
Batting: SHB Eric Reeser
|
0-0: Swinging Strike 0-1: Called Strike 0-2: Foul Ball, location: 2F 0-2: Ball 1-2: Ground out 6-3 (Groundball, 6, EV 86.2 MPH)
|
|
Batting: RHB Nate Taylor
|
0-0: Ball 1-0: Ball 2-0: SINGLE (Flyball, 4D, EV 95.0 MPH)
|
|
Pitching: RHP Robby Poyfair
|
|
|
Batting: RHB Alex Munoz
|
0-0: Ball 1-0: Ball 2-0: Foul Ball, location: 2F 2-1: Swinging Strike 2-2: Ball 3-2: Strikes out swinging
|
|
Batting: SHB Bob Morales
|
0-0: DOUBLE (Flyball, 8LD, EV 107.5 MPH) Nate Taylor to third Runner from 3rd tries for Home, SAFE, throw by CF to home
|
|
Batting: RHB Muneer Maudad
|
0-0: Called Strike 0-1: Foul Ball, location: 2F 0-2: Ball 1-2: Strikes out swinging
|
| Top of the 8th over - 1 run, 2 hits, 0 errors, 1 left on base; Gwinnett 3 - Indianapolis 3 |
| BOTTOM OF THE 8TH |
|
Indianapolis Indians batting - Pitching for Gwinnett Braves : LHP Andy Gaiser
|
|
Batting: RHB Richard Barrios
|
0-0: Ball 1-0: Foul Ball, location: 2F 1-1: Foul Ball, location: 2F 1-2: Foul Ball, location: 2F 1-2: Ball 2-2: Ground out 3-1 (Groundball, 34, EV 105.6 MPH)
|
|
Batting: LHB Gregg Kellerman
|
0-0: Ball 1-0: Swinging Strike 1-1: Foul Ball, location: 2F 1-2: Ball 2-2: Ball 3-2: Ground out 4-3 (Groundball, 34, EV 90.6 MPH)
|
|
Pinch Hitting: RHB Hector Barajas
|
0-0: Ball 1-0: Called Strike 1-1: Called Strike 1-2: Strikes out swinging
|
| Bottom of the 8th over - 0 runs, 0 hits, 0 errors, 0 left on base; Gwinnett 3 - Indianapolis 3 |
| TOP OF THE 9TH |
|
Gwinnett Braves batting - Pitching for Indianapolis Indians : RHP Robby Poyfair
|
|
Now at 2B: Richard Barrios
|
|
|
Now at SS: Tim Moore
|
|
|
Batting: SHB Brian Bagley
|
0-0: Ball 1-0: Ball 2-0: Ground out 3-1 (Groundball, 34, EV 78.8 MPH)
|
|
Batting: LHB Chad Persaud
|
0-0: Ball 1-0: Called Strike 1-1: Foul Ball, location: 2F 1-2: Strikes out swinging
|
|
Batting: LHB Mark Buchholz
|
0-0: Called Strike 0-1: Ball 1-1: Swinging Strike 1-2: Strikes out swinging
|
| Top of the 9th over - 0 runs, 0 hits, 0 errors, 0 left on base; Gwinnett 3 - Indianapolis 3 |
| BOTTOM OF THE 9TH |
|
Indianapolis Indians batting - Pitching for Gwinnett Braves : LHP Andy Gaiser
|
|
Pitching: RHP Orlando Velazquez
|
|
|
Batting: RHB Hugo Zacarias
|
0-0: Ball 1-0: Called Strike 1-1: Swinging Strike 1-2: Ball 2-2: Ball 3-2: Strikes out swinging
|
|
Batting: RHB Nick Wicker
|
0-0: SINGLE (Groundball, 56S, EV 65.0 MPH) (infield hit)
|
|
Batting: RHB Alain Marquet
|
0-0: Ball Nick Wicker steals 2nd base 1-0: Intentional Walk
|
|
Batting: RHB Dave Fredericks
|
0-0: Swinging Strike 0-1: Foul Ball, location: 2F 0-2: Ball 1-2: Foul Ball, location: 2F 1-2: Foul Ball, location: 2F 1-2: Grounds into double play, 5-4-3 (Groundball, 56, EV 88.1 MPH)
|
| Bottom of the 9th over - 0 runs, 1 hit, 0 errors, 1 left on base; Gwinnett 3 - Indianapolis 3 |
| TOP OF THE 10TH |
|
Gwinnett Braves batting - Pitching for Indianapolis Indians : RHP Robby Poyfair
|
|
Pinch Hitting: SHB Troy Kenyon
|
0-0: Ball 1-0: Swinging Strike 1-1: Ground out 6-3 (Groundball, 6, EV 83.8 MPH)
|
|
Batting: SHB Eric Reeser
|
0-0: Ball 1-0: Ball 2-0: Foul Ball, location: 2F 2-1: Foul Ball, location: 2F 2-2: Ball 3-2: Base on Balls
|
|
Batting: RHB Nate Taylor
|
0-0: Ball Eric Reeser steals 2nd base 1-0: Foul Ball, location: 2F 1-1: Swinging Strike 1-2: Strikes out looking
|
|
Batting: RHB Alex Munoz
|
0-0: Ball 1-0: Called Strike 1-1: Ball 2-1: Fly out, F8 (Line Drive, 8RM, EV 98.1 MPH)
|
| Top of the 10th over - 0 runs, 0 hits, 0 errors, 1 left on base; Gwinnett 3 - Indianapolis 3 |
| BOTTOM OF THE 10TH |
|
Indianapolis Indians batting - Pitching for Gwinnett Braves : RHP Orlando Velazquez
|
|
Now at SS: Mike Manchester
|
|
|
Batting: RHB Chris Pozzi
|
0-0: Ball 1-0: Foul Ball, location: 2F 1-1: Foul Ball, location: 2F 1-2: Foul Ball, location: 2F 1-2: Strikes out swinging
|
|
Batting: LHB Jorge Quintana
|
0-0: Called Strike 0-1: Ball 1-1: Ground out U3 (Groundball, 3, EV 85.0 MPH)
|
|
Batting: RHB Richard Barrios
|
0-0: Called Strike 0-1: Ball 1-1: Swinging Strike 1-2: Foul Ball, location: 2F 1-2: Strikes out swinging
|
| Bottom of the 10th over - 0 runs, 0 hits, 0 errors, 0 left on base; Gwinnett 3 - Indianapolis 3 |
| TOP OF THE 11TH |
|
Gwinnett Braves batting - Pitching for Indianapolis Indians : RHP Robby Poyfair
|
|
Pitching: RHP Hugo Rodriguez
|
|
|
Batting: SHB Bob Morales
|
0-0: Ball 1-0: Ball 2-0: Ball 3-0: Called Strike 3-1: Called Strike 3-2: Ground out U3 (Groundball, 34S, EV 78.8 MPH)
|
|
Batting: RHB Muneer Maudad
|
0-0: Ball 1-0: Ball 2-0: Swinging Strike 2-1: Ball 3-1: Foul Ball, location: 2F 3-2: Strikes out swinging
|
|
Batting: SHB Brian Bagley
|
0-0: Called Strike 0-1: Ball 1-1: SINGLE (Groundball, 6MD, EV 108.1 MPH)
|
|
Batting: LHB Chad Persaud
|
0-0: Ball 1-0: Ball 2-0: Ball Wild Pitch! Brian Bagley to second 3-0: Base on Balls
|
|
Batting: LHB Mark Buchholz
|
0-0: SINGLE (Groundball, 56D, EV 101.9 MPH) Brian Bagley to third Chad Persaud to second Runner from 3rd tries for Home, throw by LF and OUT! 7-2
|
| Top of the 11th over - 0 runs, 2 hits, 0 errors, 2 left on base; Gwinnett 3 - Indianapolis 3 |
| BOTTOM OF THE 11TH |
|
Indianapolis Indians batting - Pitching for Gwinnett Braves : RHP Orlando Velazquez
|
|
Batting: LHB Gregg Kellerman
|
0-0: Foul Ball, location: 2F 0-1: Called Strike 0-2: Foul Ball, location: 2F 0-2: Ball 1-2: Strikes out swinging
|
|
Batting: RHB Tim Moore
|
0-0: Foul Ball, location: 2F 0-1: Ball 1-1: Ball 2-1: DOUBLE (Line Drive, 7LS, EV 101.2 MPH)
|
|
Batting: RHB Hugo Zacarias
|
0-0: Intentional Walk
|
|
Batting: RHB Nick Wicker
|
0-0: Called Strike 0-1: Ball 1-1: Called Strike 1-2: Strikes out swinging
|
|
Batting: RHB Alain Marquet
|
0-0: Ball 1-0: Swinging Strike 1-1: Called Strike 1-2: Fielders Choice at 2nd, 5-4 (Groundball, 56, EV 93.1 MPH)
|
| Bottom of the 11th over - 0 runs, 1 hit, 0 errors, 2 left on base; Gwinnett 3 - Indianapolis 3 |
| TOP OF THE 12TH |
|
Gwinnett Braves batting - Pitching for Indianapolis Indians : RHP Hugo Rodriguez
|
|
Pitching: RHP Doug Rawson
|
|
|
Batting: RHB Mike Manchester
|
0-0: Foul Ball, location: 2F 0-1: Ball 1-1: Foul Ball, location: 2F 1-2: Strikes out swinging
|
|
Batting: SHB Eric Reeser
|
0-0: Foul Ball, location: 2F 0-1: Foul Ball, location: 2F 0-2: Foul Ball, location: 2F 0-2: Strikes out swinging
|
|
Batting: RHB Nate Taylor
|
0-0: Called Strike 0-1: Foul Ball, location: 2F 0-2: Ball 1-2: Ball 2-2: Ball 3-2: Ground out 6-3 (Groundball, 6M, EV 83.8 MPH)
|
| Top of the 12th over - 0 runs, 0 hits, 0 errors, 0 left on base; Gwinnett 3 - Indianapolis 3 |
| BOTTOM OF THE 12TH |
|
Indianapolis Indians batting - Pitching for Gwinnett Braves : RHP Orlando Velazquez
|
|
Pitching: RHP Larry Stegall
|
|
|
Batting: RHB Dave Fredericks
|
0-0: Called Strike 0-1: Ball 1-1: Swinging Strike 1-2: SOLO HOME RUN (Flyball, 9D, EV 94.4 MPH), Distance : 367 ft
|
| Bottom of the 12th over - 1 run, 1 hit, 0 errors, 0 left on base; Gwinnett 3 - Indianapolis 4 |
|